Map: 2000 Atmospheres LE

Players

MACE

  • Race: Zerg Zerg
  • League: Diamond

ViBE - Winner!

  • Race: Zerg Zerg
  • League: Diamond

VOD

Have the link to the VOD?

Description

Time

  • Played on: April 20, 2021, 7:42 p.m.
  • Length: 9:57
Show
View Real Time Build Order
Export as new Build Order

MACE Zerg 

Build Orders: Hatch First 

Get SALT Encoding   

  12  0:00  Drone  
  13  0:13  Overlord  
  13  0:17  Drone  
  14  0:31  Drone x2  
  16  0:51  Hatchery  
  16  0:54  Drone  
  16  0:56  Drone  
  17  1:00  Drone  
  18  1:07  Extractor  
  18  1:17  Spawning Pool  
  16  1:20  Drone  
  17  1:28  Drone  
  18  1:39  Drone  
  19  1:50  Drone  
  20  2:04  Queen x2, Zergling x4  
  26  2:11  Drone  
  26  2:13  Drone  
  28  2:19  Metabolic Boost  
  28  2:26  Overlord x2  
  28  2:44  Queen  
  30  2:51  Drone  
  30  2:54  Drone  
  30  2:56  Hatchery  
  31  2:59  Drone  
  31  3:00  Drone  
  31  3:03  Drone  
  34  3:05  Drone  
  34  3:10  Drone  
  34  3:11  Drone  
  36  3:17  Drone  
  36  3:18  Drone  
  38  3:22  Evolution Chamber  
  38  3:23  Drone  
  38  3:26  Drone  
  39  3:28  Drone  
  40  3:35  Roach Warren  
  40  3:36  Drone  
  40  3:38  Drone  
  42  3:41  Drone  
  42  3:43  Drone  
  42  3:45  Drone  
  44  3:48  Overlord  
  44  3:52  Zerg Missile Weapons Level 1  
  44  4:01  Overlord  
  44  4:02  Overlord  
  44  4:03  Extractor  
  44  4:04  Drone  
  44  4:07  Drone, Spore Crawler  
  44  4:09  Spore Crawler  
  43  4:11  Drone  
  43  4:12  Drone  
  43  4:13  Drone  
  43  4:15  Zergling x2  
  47  4:18  Roach  
  47  4:20  Roach  
  47  4:24  Roach  
  53  4:25  Roach  
  53  4:28  Roach  
  53  4:30  Roach  
  57  4:34  Roach  
  57  4:35  Roach  
  58  4:39  Roach  
  58  4:41  Roach  
  58  4:43  Roach  
  59  4:47  Drone  
  59  4:48  Drone x2  
  59  4:51  Roach  
  59  4:52  Drone  
  65  4:55  Roach  
  65  4:58  Drone  
  65  4:59  Drone  
  69  5:02  Drone  
  69  5:03  Drone  
  69  5:05  Extractor  
  69  5:06  Drone  
  71  5:09  Drone  
  71  5:13  Drone  
  71  5:14  Drone  
  74  5:18  Overlord  
  74  5:20  Overlord  
  74  5:25  Overlord x2  
  74  5:33  Overlord  
  73  5:36  Overlord  
  73  5:37  Roach x2  
  73  5:38  Roach  
  77  5:44  Overlord  
  77  5:49  Roach  
  75  5:50  Overlord x2  
  75  5:51  Roach  
  75  5:53  Roach  
  75  5:55  Roach  
  75  5:57  Roach  
  75  5:58  Roach  
  75  6:05  Drone  
  75  6:07  Drone  
  75  6:08  Drone  
  74  6:17  Drone  
  75  6:18  Drone  
  75  6:19  Drone  
  77  6:27  Drone  
  77  6:29  Drone  
  77  6:31  Drone, Lair  
  81  6:40  Drone, Zerg Ground Armor Level 1  
  81  6:41  Drone x2  
  81  6:42  Evolution Chamber  
  82  6:48  Evolution Chamber  
  82  6:49  Spine Crawler  
  82  6:50  Roach  
  82  6:51  Drone, Extractor, Roach  
  82  6:52  Drone  
  82  6:53  Roach  
  87  6:54  Drone  
  87  6:55  Hatchery  
  87  6:59  Roach  
  89  7:03  Roach  
  89  7:06  Drone  
  92  7:08  Extractor  
  92  7:10  Drone  
  92  7:12  Roach  
  92  7:15  Drone  
  95  7:18  Roach  
  95  7:19  Roach x2  
  101  7:23  Drone, Roach  
  101  7:29  Glial Reconstitution  
  104  7:33  Drone x2, Hydralisk Den  
  104  7:35  Drone  
  106  7:39  Drone  
  106  7:40  Queen x2  
  106  7:42  Drone  
  112  7:44  Drone  
  112  7:50  Drone  
  114  7:53  Drone  
  114  7:54  Overlord  
  115  8:00  Drone  
  115  8:04  Drone, Spore Crawler  
  117  8:05  Drone  
  117  8:06  Drone  
  117  8:10  Hydralisk  
  120  8:13  Hydralisk  
  120  8:15  Queen, Hydralisk  
  120  8:16  Spine Crawler, Hydralisk x2, Muscular Augments  
  120  8:18  Drone  
  120  8:19  Drone  
  131  8:24  Drone  
  131  8:25  Drone, Spore Crawler, Burrow  
  131  8:27  Hydralisk  
  132  8:28  Hydralisk  
  132  8:33  Hydralisk  
  138  8:36  Drone  
  138  8:37  Extractor, Drone  
  138  8:39  Roach  
  143  8:45  Roach x2  
  143  8:46  Roach  
  143  8:47  Overlord x2, Roach  
  151  8:50  Overlord x2  
  149  8:57  Roach  
  149  8:58  Roach  
  149  8:59  Overlord  
  149  9:00  Roach  
  146  9:07  Roach  
  146  9:09  Roach  
  145  9:15  Roach x3  
  145  9:16  Hydralisk  
  152  9:19  Roach  
  152  9:21  Roach  
  152  9:22  Roach  
  122  9:29  Roach  
  122  9:30  Hydralisk  
  118  9:32  Roach  
Show
View Real Time Build Order
Export as new Build Order

ViBE Zerg - Winner!

Build Orders: Hatch First 

Get SALT Encoding   

  12  0:00  Drone  
  13  0:13  Overlord  
  13  0:16  Drone  
  14  0:32  Drone x2  
  16  0:48  Hatchery  
  15  0:51  Drone  
  15  0:55  Drone  
  17  1:00  Drone  
  18  1:06  Extractor  
  17  1:14  Spawning Pool  
  16  1:19  Drone  
  16  1:20  Drone  
  18  1:28  Drone  
  19  1:47  Overlord  
  19  1:51  Drone  
  20  2:01  Queen x2  
  22  2:02  Zergling x4  
  27  2:15  Drone x2  
  27  2:16  Metabolic Boost  
  28  2:25  Drone  
  28  2:26  Drone  
  30  2:36  Drone  
  32  2:37  Drone  
  32  2:40  Queen  
  34  2:44  Drone  
  34  2:45  Drone  
  34  2:48  Baneling Nest  
  35  2:54  Overlord  
  35  3:04  Overlord  
  35  3:11  Drone, Overlord  
  36  3:15  Drone x6  
  42  3:35  Hatchery  
  42  3:39  Zergling x8  
  45  3:41  Lair  
  45  3:43  Baneling x2  
  45  3:44  Baneling  
  45  3:51  Drone  
  45  3:52  Drone x4, Baneling  
  50  4:01  Overlord  
  50  4:02  Drone  
  51  4:03  Roach Warren  
  51  4:05  Drone  
  51  4:09  Extractor  
  50  4:10  Extractor  
  50  4:13  Drone x4  
  53  4:22  Evolution Chamber  
  53  4:23  Drone x4  
  56  4:31  Drone x2  
  57  4:47  Drone x4  
  61  4:54  Overlord x2  
  61  4:56  Roach  
  62  5:12  Roach x4  
  70  5:18  Roach  
  70  5:19  Roach  
  74  5:23  Roach  
  78  5:28  Roach  
  78  5:29  Roach  
  82  5:35  Roach  
  82  5:37  Overlord  
  82  5:38  Roach x2  
  83  5:50  Roach x4  
  83  5:51  Overlord x3  
  83  5:52  Overlord x2  
  83  5:56  Roach  
  89  6:00  Glial Reconstitution  
  89  6:01  Zerg Missile Weapons Level 1  
  89  6:12  Drone x10  
  89  6:17  Extractor  
  89  6:18  Drone x4  
  99  6:21  Extractor  
  99  6:22  Extractor  
  100  6:26  Drone  
  100  6:27  Drone  
  100  6:31  Drone  
  103  6:35  Hatchery  
  103  6:36  Drone x5  
  107  6:41  Overlord x5  
  107  6:48  Roach x3  
  113  7:02  Roach  
  113  7:03  Roach x3  
  121  7:09  Roach x7  
  121  7:12  Overseer  
  135  7:17  Spire  
  135  7:22  Roach x5  
  144  7:36  Roach x10  
  164  7:41  Overlord x3  
  164  7:48  Overlord x2  
  164  7:51  Drone  
  165  7:55  Roach  
  167  8:00  Roach x4  
  175  8:10  Roach x8  
  175  8:11  Roach x2  
  195  8:15  Roach  
  197  8:25  Roach  
  199  8:37  Extractor  
  199  8:39  Extractor  
  197  9:20  Mutalisk x11  
  197  9:21  Mutalisk  
  197  9:22  Mutalisk  
  197  9:24  Mutalisk  
  199  9:35  Hatchery  
Tags
 
Add a new tag
Caveats
  • Supply blocks, unpowered buildings, or Contaminate may cause inaccurate times.
  • Supply counts are checked every 10 seconds.